 Dungeon Crawl Stone Soup version 0.24.0-37-gcf1ca852f1 (webtiles) character file.

Game seed: 12462362185447152542, levelgen mode: deterministic

3714 FishyPogo the Tainter (level 9, -9/71 HPs)
             Began as a Black Draconian Venom Mage on Dec 7, 2019.
             Was a Follower of the Shining One.
             Mangled by an orc warlord
             ... wielding a +0 war axe
              (12 damage)
             ... in a bailey on Dec 8, 2019.
             The game lasted 00:46:29 (7854 turns).

FishyPogo the Tainter (Black Draconian Venom Mage)  Turns: 7854, Time: 00:46:30

Health: -9/71      AC: 10    Str:  8 (11) XL:     9   Next: 91%
Magic:  0/17       EV: 14    Int: 17 (18) God:    the Shining One [*.....]
Gold:   207        SH:  0    Dex: 11 (12) Spells: 9/19 levels left

rFire    . . .     SeeInvis +   a - +2 hand axe (venom)
rCold    . . .     Gourm    +   (no shield)
rNeg     . . .     Faith    .   (armour unavailable)
rPois    +         Spirit   .   (helmet restricted)
rElec    +         Reflect  .   G - +1 cloak
rCorr    .         Harm     .   (no gloves)
MR       .....                  p - +0 pair of boots
Stlth    +.........             l - amulet of the gourmand
HPRegen  0.21/turn              w - ring of poison resistance
MPRegen  0.15/turn              J - ring of see invisible

@: glowing
A: breathe lightning, unfitting armour, electricity resistance, cold-blooded, AC
+7
a: Breathe Lightning, Renounce Religion


You were in a bailey.
You worshipped the Shining One.
The Shining One was aware of your devotion.
You were very full.

You visited 2 branches of the dungeon, and saw 8 of its levels.
You also visited: Bailey.

You collected 301 gold pieces.
You spent 94 gold pieces at shops.

Inventory:

Hand Weapons
 a - a +2 hand axe of venom (weapon)
 C - a +3 hand axe
Missiles
 k - 213 stones
 q - 11 javelins
 E - 40 poisoned darts (quivered)
Armour
 p - a +0 pair of boots (worn)
 G - a +1 cloak (worn)
Jewellery
 b - an uncursed ring of ice
 l - an amulet of the gourmand (around neck)
 w - a ring of poison resistance (left hand)
 B - a +4 ring of intelligence
 J - a ring of see invisible (right hand)
Wands
 y - a wand of digging (5)
 H - a wand of disintegration (16)
Scrolls
 c - 11 scrolls of identify
 f - a scroll of noise {unknown}
 g - 3 scrolls of teleportation
 n - a scroll of amnesia {unknown}
 o - 2 scrolls of magic mapping
 r - a scroll of fear
 t - 2 scrolls of remove curse
 u - a scroll of enchant armour
 x - a scroll of enchant weapon
 z - 2 scrolls of blinking {unknown}
 I - a scroll of brand weapon
Potions
 d - 3 potions of flight {unknown}
 e - 2 potions of agility
 i - a potion of might
 j - 2 potions of curing
 m - a potion of degeneration
 v - 2 potions of cancellation {unknown}
 A - a potion of haste
Comestibles
 F - 16 rations


   Skills:
 + Level 4.3 Fighting
 + Level 6.0 Dodging
 - Level 2.0 Stealth
 + Level 5.8 Spellcasting
 - Level 2.0 Conjurations
 + Level 5.4 Air Magic
 * Level 9.5 Poison Magic
 + Level 1.1 Invocations


You had 9 spell levels left.
You knew the following spells:

 Your Spells              Type           Power        Failure   Level  Hunger
a - Sting                 Conj/Pois      ###.         1%          1    None
b - Poisonous Vapours     Pois/Air       ####..       1%          2    #......
c - Mephitic Cloud        Conj/Pois/Air  ###.....     3%          3    ##.....
d - Olgreb's Toxic Radia  Pois           #####...     2%          4    ####...

Your spell library contained the following spells:

 Spells                   Type           Power        Failure   Level  Hunger
 Spider Form              Tmut/Pois      ###.......   5%          3    ##.....
 Beastly Appendage        Tmut           #.....       13%         1    None
 Sticks to Snakes         Tmut           #.......     21%         2    #......
 Venom Bolt               Conj/Pois      ###.......   34%         5    ######.
 Ice Form                 Ice/Tmut       #.......     78%         4    ####...
 Blade Hands              Tmut           #.........   98%         5    ######.


Dungeon Overview and Level Annotations

Branches:
Dungeon (7/15)             Temple (1/1) D:6          Bailey (1/1)

Altars:
Cheibriados
Dithmenos
Elyvilon
Fedhas
Gozag
Hepliaklqana
Kikubaaqudgha
Makhleb
Nemelex Xobeh
Okawaru
Qazlal
Ru
Sif Muna
Trog
Vehumet
Wu Jian
Xom
Yredelemnul
Zin
The Shining One

Shops:
D:7 *


Innate Abilities, Weirdness & Mutations

You can breathe wild blasts of lightning.
Your glossy black scales are hard. (AC +7)
You cannot fit into any form of body armour.
You are resistant to electric shocks. (rElec)
You are cold-blooded and may be slowed by cold attacks.


Message History

Press: ? - help, Dir - move target cursor, f/p - orc warlord
Aim: an orc warlord, wielding a +0 war axe and wearing a +0 plate armour (moderately wounded, poisoned, confused, haloed) Poisonous vapours surround the orc warlord!
The orc warlord is engulfed in poison gas.
The orc warlord looks as sick as possible!
You hit the orc warlord but do no damage.
The orc warlord looks as sick as possible!
The orc warlord is moderately wounded.
The orc warlord seems less confused.
The orc warlord hits you with a +0 war axe!!
You hit the orc warlord but do no damage.
The orc warlord looks as sick as possible!
The orc warlord is heavily wounded.
The orc warlord hits you with a +0 war axe!!
* * * LOW HITPOINT WARNING * * *
It was a potion of degeneration.
There was something very wrong with that liquid.
You feel weakened.
You feel dopey.
You feel clumsy.
The orc warlord hits you with a +0 war axe!
You die...

#.......'..o.... .'.
##.......##...... ##.
#.........# ..... #..
##.........## 8.88##..
#.....⌠.....# g###...
##.).).....## .###..
#..)......# . #..
##.o.....## ##.
#..@....# #. ##))...##
## ##'#### # ##.....##
## #.......# #.
##.......## ##.
#.........# #..
##.........## ##..
#.....⌠.....#######...


You could see an orc warlord.

Vanquished Creatures
  2 orc knights (Bailey)
  10 orc warriors
  2 black bears
  A sky beast (D:7)
  3 ogres
  A phantom (D:4)
  A crocodile (D:7)
  Blork the orc (D:4)
  2 bullfrogs
  A scorpion (D:6)
  A bullfrog zombie (D:7)
  2 crimson imps
  A quasit (D:6)
  A centaur skeleton (D:5)
  A hound (D:5)
  2 orc priests (D:7)
  Crazy Yiuf (D:5)
  A gnoll shaman (D:5)
  2 iguanas
  2 orc wizards (D:5)
  4 worker ants
  A hound skeleton (D:5)
  A worker ant zombie (D:7)
  23 gnolls
  12 adders
  A shadow imp (D:5)
  A white imp (D:6)
  2 oozes
  An adder skeleton (D:4)
  3 worms
  3 dart slugs
  6 leopard geckos
  40 orcs
  3 ball pythons
  12 giant cockroaches
  26 goblins
  15 hobgoblins
  10 jackals
  4 kobolds
  8 bats
  4 frilled lizards
  2 gnoll zombies (D:3)
  5 rats
225 creatures vanquished.

Notes
Turn   | Place    | Note
-------+----------+-------------------------------------------
     0 | D:1      | FishyPogo the Draconian Venom Mage began the quest for the
                  | Orb.
     0 | D:1      | Reached XP level 1. HP: 14/14 MP: 3/3
   418 | D:1      | Reached XP level 2. HP: 11/22 MP: 0/5
   473 | D:1      | Learned a level 2 spell: Poisonous Vapours
   624 | D:1      | Reached skill level 1 in Fighting
  1074 | D:1      | Reached XP level 3. HP: 28/28 MP: 3/6
  1102 | D:2      | Found an ornate altar of the Wu Jian Council.
  1526 | D:2      | Learned a level 3 spell: Mephitic Cloud
  1847 | D:2      | Reached skill level 4 in Poison Magic
  1987 | D:3      | Reached XP level 4. HP: 36/36 MP: 4/7
  2479 | D:3      | Reached XP level 5. HP: 41/41 MP: 1/8
  2613 | D:3      | Found a basalt altar of Yredelemnul.
  2973 | D:3      | Reached skill level 5 in Poison Magic
  3333 | D:4      | Reached XP level 6. HP: 48/48 MP: 2/10
  3427 | D:4      | Learned a level 4 spell: Olgreb's Toxic Radiance
  3576 | D:4      | Noticed Blork the orc
  3587 | D:4      | Killed Blork the orc
  3711 | D:5      | Entered Level 5 of the Dungeon
  4140 | D:4      | Your scales start taking on a glossy black colour.
  4140 | D:4      | Reached XP level 7. HP: 55/55 MP: 5/11
  4140 | D:4      | Gained mutation: You are resistant to electric shocks.
                  | (rElec) [Black Draconian growth]
  4151 | D:4      | Got a bloodstained leather armour
  4378 | D:5      | Reached skill level 1 in Air Magic
  4378 | D:5      | Reached skill level 6 in Poison Magic
  4517 | D:5      | Found a hazy altar of Hepliaklqana.
  4752 | D:5      | Found a runed translucent door.
  4753 | D:5      | Noticed Crazy Yiuf
  4757 | D:5      | Killed Crazy Yiuf
  4973 | D:5      | Found a white marble altar of Elyvilon.
  4973 | D:5      | Found a bloodstained altar of Trog.
  4977 | D:5      | Became a worshipper of Elyvilon the Healer
  5205 | D:6      | Found a sparkling altar of Nemelex Xobeh.
  5459 | D:6      | Reached * piety under Elyvilon
  5505 | D:6      | Reached XP level 8. HP: 61/61 MP: 2/13
  5624 | D:6      | Found a staircase to the Ecumenical Temple.
  5882 | Temple   | Entered the Ecumenical Temple
  5959 | Temple   | Fell from the grace of Elyvilon
  5959 | Temple   | Became a worshipper of the Shining One
  6041 | D:6      | Got an ancient leather armour
  6121 | D:6      | Reached skill level 7 in Poison Magic
  6388 | D:7      | Reached * piety under the Shining One
  6520 | D:7      | Found Epsif's Assorted Antiques.
  6523 | D:7      | Bought a scroll labeled DYRYNO FOMOH for 34 gold pieces
  6523 | D:7      | Bought a lumpy yellow potion for 30 gold pieces
  6523 | D:7      | Bought a puce potion for 30 gold pieces
  6547 | D:7      | Reached skill level 5 in Air Magic
  6703 | D:7      | Reached skill level 5 in Dodging
  6703 | D:7      | Reached skill level 8 in Poison Magic
  6711 | D:7      | Found a flagged portal.
  6790 | Bailey   | Entered a bailey
  6874 | Bailey   | Reached XP level 9. HP: 59/67 MP: 3/16
  7001 | Bailey   | Reached skill level 5 in Spellcasting
  7117 | Bailey   | Noticed an orc knight
  7173 | Bailey   | Noticed an orc knight
  7178 | Bailey   | Killed an orc knight
  7247 | Bailey   | Killed an orc knight
  7247 | Bailey   | Reached skill level 9 in Poison Magic
  7690 | Bailey   | Reached skill level 1 in Invocations
  7838 | Bailey   | Noticed an orc warlord
  7853 | Bailey   | HP: 3/71 [orc warlord/+0 war axe (20)]
  7854 | Bailey   | Mangled by an orc warlord

Levels and vault maps discovered:
D:1:      minmay_arrival_diagonal_passages, layout_basic, minmay_quantized
D:2:      layout_loops_ring, lemuel_round_altar, first_ration,
          minmay_pentomino_z4
D:3:      layout_basic, lemuel_zombie_altar_yredelemnul
D:4:      layout_basic, uniq_blork_the_orc
D:5:      layout_loops_cross, gammafunk_temple_overflow_wave,
          lemuel_round_altar, uniq_crazy_yiuf_cottage
D:6:      layout_loops_corners, nemelex_xobeh_ov_fountains_minmay,
          minmay_temple_entry_purple_smoke, minivault_24, minmay_fire_ice_demons
D:7:      layout_gridville, overflow_temple_1_default, serial_shops,
          kennysheep_mini, enter_bailey_3
Temple:   nicolae_temple_great_sept
Bailey:   bailey_axe_minmay_hex_keep, bailey

Skill      XL: |  1  2  3  4  5  6  7  8  9 |
---------------+----------------------------+-----
Stealth        | 2 |  2.0
Dodging        | 2 3 4 5 6 |  6.0
Fighting       | 1 2 4 |  4.3
Poison Magic   | 4 5 6 8 9 |  9.5
Spellcasting   | 3 4 5 |  5.8
Conjurations   | 2 |  2.0
Air Magic      | 3 5 |  5.4
Invocations    | 1 |  1.1

Action                   |  1- 3 |  4- 6 |  7- 9 || total
-------------------------+-------+-------+-------++-------
Melee: Unarmed           |    95 |       |       ||    95
       Tailslap          |    10 |     8 |    28 ||    46
       Dagger            |    57 |     9 |       ||    66
       Hand axe          |       |    88 |   201 ||   289
       Quarterstaff      |       |       |     5 ||     5
       Glaive            |       |       |    15 ||    15
Throw: Javelin           |       |    13 |       ||    13
       Stone             |       |    12 |       ||    12
 Cast: Sting             |    35 |    27 |   101 ||   163
       Poisonous Vapours |    34 |    53 |    58 ||   145
       Mephitic Cloud    |       |     2 |    25 ||    27
 Abil: Breathe Lightning |       |       |    11 ||    11
  Use: Scroll            |     2 |     1 |    10 ||    13
       Potion            |       |       |     7 ||     7
 Stab: Sleeping          |       |       |     1 ||     1
  Eat: Chunk             |     7 |    13 |    24 ||    44
Armor: Skin              |    67 |    34 |    83 ||   184
Dodge: Dodged            |   134 |    63 |   185 ||   382
